 Dungeon Crawl Stone Soup version 0.31.0-11-ge490571c62 (webtiles) character file.

Game seed: 1506899374407144006

49 Aldia the Trooper (level 3, -4/37 HPs)
             Began as an Oni Warper on Jan 26, 2024.
             Killed from afar by an orc wizard (11 damage)
             ... with a puff of flame
             ... on level 3 of the Dungeon.
             The game lasted 00:01:58 (1229 turns).

Aldia the Trooper (Oni Warper)                      Turns: 1229, Time: 00:01:58

Health: -4/37      AC:  3    Str: 17    XL:     3   Next: 75%
Magic:  6/6        EV:  9    Int: 14    God:
Gold:   103        SH:  0    Dex:  8    Spells: 5/7 levels left

rFire   . . .        a - +0 mace
rCold   . . .        (no shield)
rNeg    . . .        b - +0 robe
rPois   .            (helmet restricted)
rElec   .            (no cloak)
rCorr   .            (gloves unavailable)
SInv    .            (boots unavailable)
Will    +....        (no amulet)
Stlth   +            f - ring of willpower
HPRegen 0.26/turn    (no ring)
MPRegen 0.10/turn

%: no passive effects
@: no status effects
A: large, unfitting armour, horns 1, tough skin 1, double potion healing,
drunken brawling
a: no special abilities


You were on level 3 of the Dungeon.
You visited 1 branch of the dungeon, and saw 3 of its levels.

You collected 103 gold pieces.

Inventory:

Hand Weapons
 a - a +0 mace (weapon)
Missiles
 d - 7 darts of dispersal (quivered)
 e - 5 poisoned darts
Armour
 b - a +0 robe (worn)
Jewellery
 f - a ring of willpower (left hand)
Scrolls
 c - 2 scrolls of blinking
 g - a scroll of butterflies
Potions
 i - a potion of curing
 j - a potion of lignification


   Skills:
 + Level 3.4 Fighting
 * Level 3.1 Maces & Flails
 - Level 1.0 Throwing
 - Level 2.1 Dodging
 - Level 2.5 Spellcasting
 + Level 3.1 Translocations


You had 5 spell levels left.
You knew the following spells:

 Your Spells              Type           Power      Damage    Failure   Level
a - Blink                 Tloc           20%        N/A       10%         2

Your spell library contained the following spells:

 Spells                   Type           Power      Damage    Failure   Level
 Lesser Beckoning         Tloc           20%        N/A       10%         2
 Teleport Other           Tloc           10%        N/A       19%         3
 Manifold Assault         Tloc           10%        N/A       52%         4
 Vhi's Electric Charge    Tloc/Air       12%        N/A       75%         4


Dungeon Overview and Level Annotations

Branches:
Dungeon (2/15)

Altars:

Annotations:
D:2 Sigmund
D:3 3 runed translucent doors, Taul's ghost, amateur GnFi


Innate Abilities, Weirdness & Mutations

You are too large for most types of armour.
You have a pair of small horns on your head.
You have tough skin. (AC +1)
You gain doubled healing and magic from potions.
Whenever you drink a healing potion, you attack all around you.


Message History

You feel less confused. The orc hits you but does no damage.
Something hits you.
You closely miss the orc.
The orc is lightly wounded.
The orc completely misses you. Something hits you.
You closely miss the orc. Your headbutt misses the orc.
The orc is lightly wounded.
The orc hits you with a +0 mace. Something hits you.
The orc hits you with a +0 mace.
You barely miss the orc.
The orc is lightly wounded.
Something hits you. The orc hits you with a +0 mace.
Something hits you but does no damage.
You hit the orc but do no damage. You headbutt the orc.
The orc is severely wounded.
The orc hits you with a +0 mace! Something hits you.
* * * LOW HITPOINT WARNING * * *
You are too injured to fight recklessly!
You are too injured to fight recklessly!
You are too injured to fight recklessly!
You are too injured to fight recklessly!
You thump the orc!
You kill the orc!
Something hits you.
* * * LOW HITPOINT WARNING * * *
You hear some strange, mumbled words.
Something tries to affect you, but you resist.
You see here a +0 mace.
You miss something. Something hits you but does no damage.
You closely miss something. Your headbutt misses something.
Something hits you but does no damage. Something hits you.
* * * LOW HITPOINT WARNING * * *
You barely miss something. Something hits you.
* * * LOW HITPOINT WARNING * * *
You barely miss something. Something hits you but does no damage.
You closely miss something. Something hits you but does no damage.
You hear some strange, mumbled words.
A puff of flame appears from out of thin air!
The puff of flame hits you!
You die...

..##.............
...........#.....
######.........##....
#...)..........#.....
#......#.............
#......####..........
#......#.............
#...>....##..########
#>..@{.##....#.......
#......##....#..$(...
#......).....#o##.##.
#[.....#.....#W##.##.
########.....#K# #.
#.....#S......
#o)...#.......
#......###+++##
#.#......(....


There were no monsters in sight!

Vanquished Creatures
  2 dart slugs (D:1)
  2 ribbon worms (D:3)
  7 orcs (D:3)
  2 endoplasms
  A giant cockroach (D:1)
  A goblin (D:3)
  A hobgoblin (D:3)
  3 quokkas (D:1)
  A ball python (D:1)
  A bat (D:1)
  8 frilled lizards
  2 kobolds (D:1)
  3 rats (D:1)
34 creatures vanquished.

Notes
Turn   | Place    | Note
-------+----------+-------------------------------------------
     0 | D:1      | Aldia the Oni Warper began the quest for the Orb.
     0 | D:1      | Reached XP level 1. HP: 22/22 MP: 3/3
   155 | D:1      | Reached XP level 2. HP: 19/29 MP: 5/5
   207 | D:1      | Learned a level 2 spell: Blink
   935 | D:2      | Noticed Sigmund
   995 | D:2      | Reached XP level 3. HP: 37/37 MP: 6/6
  1015 | D:2      | You fall into a shaft and drop 1 floor!
  1120 | D:3      | Found a runed translucent gate.
  1120 | D:3      | Found a runed translucent gate.
  1123 | D:3      | Noticed Taul's ghost (amateur GnFi)
  1149 | D:3      | Found a runed translucent gate.
  1229 | D:3      | Killed from afar by an orc wizard

Illustrated notes

Levels and vault maps discovered:
D:1:      wander_arrival_chamber, layout_basic, minmay_lizard_pond
D:2:      minmay_alternating_diamond, layout_rooms, basic_ecumenical_altar,
          basic_altar, serial_shops, shop, grunt_ministairs_13,
          minmay_misc_feat_five, uniq_sigmund, uniq_natasha
D:3:      layout_rooms, gammafunk_ghost_split

Skill      XL: |  1  2  3 |
---------------+----------+-----
Fighting       | 3 |  3.4
Translocations | 3 |  3.1
Maces & Flails | 3 |  3.1
Throwing       | |  1.0
Dodging        | |  2.1
Spellcasting   | |  2.5

Action                     || total
---------------------------++-------
  Melee: Mace              ||   113
         Headbutt          ||    13
    Use: Scroll            ||     4
         Potion            ||     1
 Armour: Robe              ||   101
  Dodge: Dodged            ||    47
